 Dungeon Sprint DCSS version 0.30-a0-920-g7493c07aab (webtiles) character file.

Game seed: 8041698775668722409

1009 dialectric the Martial Artist (level 8, -3/57 HPs)
             Began as an Octopode Transmuter on Mar 21, 2023.
             Was an Initiate of Jiyva.
             Slain by Kirke (17 damage)
             ... in the Dungeon (Sprint II: "The Violet Keep of Menkaure").
             The game lasted 00:02:08 (305 turns).

dialectric the Martial Artist (Octopode Transmuter)  Turns: 305, Time: 00:02:09

Health: -3/57      AC:  1    Str: 12    XL:     8   Next: 21%
Magic:  18/18      EV: 15    Int: 15    God:    Jiyva [......]
Gold:   972        SH:  0    Dex: 12    Spells: 19/20 levels left

rFire   . . .      SeeInvis .      - Unarmed
rCold   . . .      Faith    .    (no shield)
rNeg    . . .      Spirit   .    (helmet currently unavailable)
rPois   .          Reflect  .    (no amulet)
rElec   .          Rampage  .    (no ring)
rCorr   .          NoTele   +    (no ring)
Will    .....                    (no ring)
Stlth   +++                      (no ring)
HPRegen 0.29/turn                (no ring)
MPRegen 0.16/turn                (no ring)
                                 (no ring)
                                 (no ring)

@: appendages, slowed, very slow
A: tentacle spike 3, almost no armour, amphibious, 8 rings, camouflage 1,
gelatinous body 1, (nimble swimmer 1), tentacles
a: End Transformation, Renounce Religion


You were in the Dungeon.
You worshipped Jiyva.
Jiyva was noncommittal.
One of your tentacles had grown a beastly spike.
You visited 1 branch You collected 972 gold pieces.

Inventory:

Potions
 d - a potion of haste
 e - 2 potions of magic


   Skills:
 * Level 5.7 Fighting
 + Level 5.8 Dodging
 + Level 3.5 Stealth
 + Level 12.7 Unarmed Combat
 - Level 6.6 Spellcasting
 - Level 6.2 Transmutations


You had 19 spell levels left.
You knew the following spells:

 Your Spells              Type           Power      Damage    Failure   Level
a - Beastly Appendage     Tmut           46%        N/A       1%          1

Your spell library contained the following spells:

 Spells                   Type           Power      Damage    Failure   Level
 Wereblood                Tmut           23%        N/A       1%          2
 Spider Form              Tmut/Pois      14%        N/A       12%         3
 Ice Form                 Ice/Tmut       14%        N/A       36%         4


Dungeon Overview and Level Annotations

Branches:
Dungeon (1/1)

Altars:
Cheibriados
Dithmenos
Elyvilon
Fedhas
Gozag
Hepliaklqana
Kikubaaqudgha
Makhleb
Nemelex Xobeh
Okawaru
Qazlal
Ru
Sif Muna
Trog
Uskayaw
Vehumet
Wu Jian
Xom
Yredelemnul
Zin
The Shining One
Jiyva
Lugonu

Shops:
D [:!!=*[?[[[(=[:

Annotations:
D exclusion: oklob plant, Kirke


Innate Abilities, Weirdness & Mutations

One of your tentacles has grown a beastly spike.
You cannot wear most types of armour.
You are amphibious.
You can wear up to eight rings at the same time.
Your skin changes colour to match your surroundings (Stealth+).
Your rubbery body absorbs attacks. (AC +1, EV +1)
((You are camouflaged when in or above water. (Stealth+)))
You have tentacles for arms and can constrict up to eight enemies at once.


Message History

You hear a distant slurping noise.
You hear a squelching noise.
Kirke hits you!
You bludgeon Kirke! You tentacle-slap Kirke. Your squeeze misses Kirke.
Kirke is moderately wounded.
You constrict Kirke.
You hear a distant slurping noise. x2
Kirke hits you.
You bludgeon Kirke!
Kirke is heavily wounded.
You constrict Kirke.
An elephant comes into view.
You hear a distant slurping noise. x3
The elephant trumpets!
You tentacle-slap Kirke. You squeeze Kirke!
Kirke is heavily wounded.
You constrict Kirke.
Kirke whispers, "No Octopus can resist me..."
Kirke hits you!
* * * LOW HITPOINT WARNING * * *
Okay, then.
You tentacle-slap Kirke but do no damage.
You pierce Kirke.
Kirke is severely wounded.
You constrict Kirke.
You hear a distant slurping noise.
Kirke misses you.
A centaur warrior comes into view. It is quivering poisoned darts.
The centaur warrior shouts!
You tentacle-slap Kirke.
Kirke is severely wounded.
You constrict Kirke.
You hear a distant slurping noise. x2
Kirke points at you and mumbles some strange words.
You feel yourself slow down.
You tentacle-slap Kirke. You tentacle-slap Kirke! You squeeze Kirke.
Kirke is almost dead.
You constrict Kirke.
You hear a distant slurping noise. x2
Kirke hits you!
You die... #~## SSS≈

############~~#+++#+++##
###########~~~.........#
##∩.∩.....#c~~~.##'##..#
##.∩.∩....#Y~~~###..##.###
##..∩.∩...#~~~~#.##..# ...
##...∩....#~~####.#.####..
##....∩.⌠.#~##.###'###.##.
##...∩.∩.@#c##..##.##†..#.
##..∩.∩...@k'.##'.<.†##.+.
##.∩.∩....#~##..##.##...#.
#▓▓▓▓▓▓▓###~##.###'###.##.
##..Y######~~####...####~~
#..G# ##~~~#..#).#~~~~
#∩P.+ +#~##...##~~§~ #...
~~##+##~~~§≈ #... ~~
~~~~~~≈


You could see Kirke, a yaktaur captain, an elephant, an oklob plant, a centaur
warrior, a lindwurm (summoned), a yak and a neutral great orb of eyes
(wandering) (fellow slime).

Vanquished Creatures
  A merfolk siren (D)
  Menkaure (D)
  2 water moccasins (D)
  4 necrophages (D)
  4 scorpions (D)
  3 worms (D)
15 creatures vanquished.

Vanquished Creatures (others)
  3 shining eyes (D)
  A manticore (D)
  3 slime creatures (D)
  2 yaks (D)
  A hog (D)
10 creatures vanquished.

Grand Total: 25 creatures vanquished

Notes
Turn   | Place    | Note
-------+----------+-------------------------------------------
     0 | D        | dialectric the Octopode Transmuter began the quest for the
                  | Orb.
     0 | D        | Reached XP level 1. HP: 13/13 MP: 3/3
     1 | D        | Noticed a scorpion
     1 | D        | Noticed a scorpion
     1 | D        | Noticed a scorpion
     1 | D        | Noticed a scorpion
     5 | D        | Killed a scorpion
     6 | D        | Reached skill level 6 in Unarmed Combat
     6 | D        | Reached XP level 2. HP: 18/18 MP: 3/6
     6 | D        | Reached XP level 3. HP: 23/23 MP: 3/7
    13 | D        | Killed a scorpion
    14 | D        | Reached skill level 7 in Unarmed Combat
    14 | D        | Reached XP level 4. HP: 20/28 MP: 5/10
    16 | D        | Killed a scorpion
    17 | D        | Reached skill level 8 in Unarmed Combat
    17 | D        | Reached XP level 5. HP: 21/33 MP: 5/11
    22 | D        | Reached skill level 9 in Unarmed Combat
    22 | D        | Reached skill level 5 in Spellcasting
    22 | D        | Reached XP level 6. HP: 22/38 MP: 5/13
    53 | D        | Noticed a water moccasin
    58 | D        | Killed a water moccasin
    58 | D        | Noticed a water moccasin
    59 | D        | Reached skill level 1 in Stealth
    59 | D        | Reached skill level 10 in Unarmed Combat
    59 | D        | Reached skill level 5 in Transmutations
    63 | D        | Killed a water moccasin
    64 | D        | Reached skill level 5 in Dodging
    64 | D        | Found Wefey's Book Shop.
    65 | D        | Found Urog's Antique Weapon Shop.
    65 | D        | Found Liha's Jewellery Boutique.
    65 | D        | Found Kueppadu's Armour Shop.
    87 | D        | Reached skill level 11 in Unarmed Combat
    87 | D        | Reached XP level 7. HP: 22/47 MP: 12/15
    92 | D        | Noticed Menkaure
    98 | D        | Killed Menkaure
   152 | D        | Noticed a merfolk siren
   158 | D        | Killed a merfolk siren
   159 | D        | Reached skill level 5 in Fighting
   159 | D        | Reached skill level 12 in Unarmed Combat
   159 | D        | Reached XP level 8. HP: 24/57 MP: 16/18
   173 | D        | Found a stormy altar of Qazlal.
   174 | D        | Found a hazy altar of Hepliaklqana.
   174 | D        | Found a sacrificial altar of Ru.
   174 | D        | Found an ornate altar of the Wu Jian Council.
   175 | D        | Found a viscous altar of Jiyva.
   175 | D        | Found a shimmering blue altar of Sif Muna.
   176 | D        | Found a snail-covered altar of Cheibriados.
   176 | D        | Found an ancient bone altar of Kikubaaqudgha.
   176 | D        | Found a shimmering altar of Xom.
   176 | D        | Found a bloodstained altar of Trog.
   177 | D        | Found a shadowy altar of Dithmenos.
   177 | D        | Found a corrupted altar of Lugonu.
   178 | D        | Found a white marble altar of Elyvilon.
   178 | D        | Found a burning altar of Makhleb.
   179 | D        | Found a blossoming altar of Fedhas.
   181 | D        | Found an opulent altar of Gozag.
   181 | D        | Found a glowing golden altar of the Shining One.
   181 | D        | Found a basalt altar of Yredelemnul.
   181 | D        | Found a hide-covered altar of Uskayaw.
   181 | D        | Found a sparkling altar of Nemelex Xobeh.
   182 | D        | Found a glowing silver altar of Zin.
   182 | D        | Found a radiant altar of Vehumet.
   182 | D        | Found an iron altar of Okawaru.
   187 | D        | Noticed a flying skull
   188 | D        | Became a worshipper of Trog the Wrathful
   189 | D        | Noticed a flying skull
   191 | D        | Noticed a flying skull
   211 | D        | Fell from the grace of Trog
   211 | D        | Became a worshipper of Jiyva Jikleto the Shapeless
   212 | D        | Noticed a hornet
   212 | D        | Noticed a polar bear
   213 | D        | Noticed a yaktaur
   213 | D        | Noticed a polar bear
   214 | D        | Killed a slime creature
   215 | D        | Killed a manticore
   216 | D        | Killed a shining eye
   216 | D        | Killed a slime creature
   219 | D        | Killed a slime creature
   222 | D        | Killed a shining eye
   222 | D        | Killed a shining eye
   233 | D        | Found Baawkis's Armour Shop.
   233 | D        | Found Vinysela's Antique Armour Boutique.
   233 | D        | Found Esmirph's Armour Shop.
   233 | D        | Found Gaeqoaf's Magic Scroll Boutique.
   234 | D        | Found Lafrero's General Store.
   234 | D        | Found Uvvovuk's Jewellery Shop.
   235 | D        | Found Epouwerich's Armour Boutique.
   236 | D        | Found Haifodeb's Distillery.
   236 | D        | Found Deerr's Distillery.
   236 | D        | Noticed an oklob plant
   236 | D        | Noticed a yak
   237 | D        | Found Zekerch's Book Shoppe.
   237 | D        | Found Misogg's Antique Armour Boutique.
   237 | D        | Noticed a great orb of eyes
   238 | D        | Killed a yak
   241 | D        | Noticed a yak
   244 | D        | Killed a yak
   285 | D        | Noticed Kirke
   286 | D        | Noticed a lindwurm
   294 | D        | Noticed a yaktaur captain
   301 | D        | Noticed an elephant
   303 | D        | Noticed a centaur warrior
   305 | D        | Slain by Kirke

Illustrated notes

Levels and vault maps discovered:
D:        the_violet_keep_of_menkaure [sprint2_stairs_cluster_1,
          sprint2_shoproom, sprint2_temple, sprint2_basic_supplies,
          sprint2_obstacle_4, sprint2_obstacle_1, sprint2_obstacle_7,
          sprint2_obstacle_3, sprint2_obstacle_2, sprint2_timed_cluster_1,
          sprint2_smallroom_cluster_1, sprint2_smallroom_final_cluster_1,
          sprint2_transparent_cluster_1, sprint2_second_timed_cluster_1,
          sprint2_sniper_area_1, sprint2_heavy_combat_area_1,
          sprint2_mutation_trap_area_1, sprint2_forest_area_1,
          sprint2_light_combat_area_1, sprint2_behind_water_1,
          sprint2_near_end_vault_1]

Skill      XL: |  1  2  3  4  5  6  7 |
---------------+----------------------+-----
Dodging        | 3 4 5 |  5.8
Unarmed Combat | 6 7 8 9 11 12 | 12.7
Spellcasting   | 3 4 5 6 |  6.6
Transmutations | 3 4 5 6 |  6.2
Fighting       | 3 5 |  5.7
Stealth        | 2 3 |  3.5

Action                     |  1- 3 |  4- 6 |  7- 9 || total
---------------------------+-------+-------+-------++-------
  Melee: Unarmed           |     9 |    26 |    17 ||    52
         Kick              |     4 |     6 |     3 ||    13
         Tentacles         |     3 |     5 |     5 ||    13
         Constrict         |     2 |     7 |     3 ||    12
         Punch             |       |     3 |     3 ||     6
   Cast: Beastly Appendage |     1 |     2 |     1 ||     4
    Use: Potion            |     2 |     1 |     1 ||     4
         Scroll            |       |       |     1 ||     1
   Stab: Sleeping          |       |     1 |     1 ||     2
 Armour: Skin              |     1 |     1 |       ||     2
  Dodge: Dodged            |     6 |    13 |     6 ||    25

Table legend: (Time is in decaauts)
 A = Elapsed time spent in this place.
 B = Non-inter-level travel time spent in this place.
 C = Inter-level travel time spent in this place.
 D = Time resting spent in this place.
 E = Time spent auto-exploring this place.
 F = Levels seen in this place.
 G = Mean time per level.
                   A        B        C        D        E       F      G
               +--------+--------+--------+--------+--------+-----+--------+
         Total |    306 |    306 |      0 |     57 |     47 |   1 |  306.0 |
       Dungeon |    306 |    306 |      0 |     57 |     47 |   1 |  306.0 |
               +--------+--------+--------+--------+--------+-----+--------+

Top non-repeatable levels by time:
       D: 306 daAuts
